NWL
SPOKANE INDIANS @ HILLSBORO HOPS
09/21/2098
 
TOP OF THE 1ST
Spokane Indians batting - Pitching for Hillsboro Hops : RHP Paul Caylor
Pitching: RHP Paul Caylor
Batting: RHB Greg Milne 0-0: Called Strike
0-1: Fly out, F7 (Flyball, 7LS, EV 87.5 MPH)
Batting: RHB Zyaire Spencer 0-0: Ball
1-0: Ball
2-0: Called Strike
2-1: Swinging Strike
2-2: Strikes out looking
Batting: LHB Danny Luna 0-0: Called Strike
0-1: Ball
1-1: Called Strike
1-2: Fly out, F6 (Line Drive, 6M, EV 68.8 MPH)
Top of the 1st over - 0 runs, 0 hits, 0 errors, 0 left on base; Spokane 0 - Hillsboro 0
BOTTOM OF THE 1ST
Hillsboro Hops batting - Pitching for Spokane Indians : RHP Chris Lewis
Pitching: RHP Chris Lewis
Batting: RHB Paul Kish 0-0: Called Strike
0-1: Called Strike
0-2: Ball
1-2: Ball
2-2: SINGLE (Line Drive, 4M, EV 98.1 MPH)
Batting: LHB Alex Rosales 0-0: Ball
1-0: Foul Ball, location: 7LSF
1-1: Foul Ball, location: 7LDF
1-2: Fly out, F4 (Line Drive, 4, EV 70.6 MPH)
Batting: LHB Jose Leiva 0-0: Foul Ball, location: 2F
0-1: SINGLE (Groundball, 34, EV 83.8 MPH)
Paul Kish to second
Batting: RHB Bobby Bye 0-0: Swinging Strike
0-1: 3-RUN HOME RUN (Flyball, 89XD, EV 113.1 MPH), Distance : 461 ft
Batting: LHB Mike Watson 0-0: Ball
1-0: Foul Ball, location: 7LDF
1-1: Foul Ball, location: 7LMF
1-2: SINGLE (Groundball, 4MD, EV 102.5 MPH)
Batting: RHB Luke Arnold 0-0: Fly out, F9 (Flyball, 9D, EV 92.5 MPH)
Batting: SHB Jeremy Davis 0-0: Called Strike
0-1: Ball
1-1: Ball
2-1: Foul Ball, location: 9LDF
2-2: Strikes out looking
Bottom of the 1st over - 3 runs, 4 hits, 0 errors, 1 left on base; Spokane 0 - Hillsboro 3
TOP OF THE 2ND
Spokane Indians batting - Pitching for Hillsboro Hops : RHP Paul Caylor
Batting: RHB Pat Hoover 0-0: Foul Ball, location: 3FF
0-1: Ball
1-1: Swinging Strike
1-2: Ball
2-2: Ball
3-2: Fly out, F6 (Popup, 6MS, EV 71.9 MPH)
Batting: RHB Manny Valdenegro 0-0: Called Strike
0-1: Foul Ball, location: 2F
0-2: Strikes out swinging, 2-3 out at first.
Batting: RHB Seth Rulo 0-0: Ball
1-0: Ball
2-0: Ball
3-0: Called Strike
3-1: Called Strike
3-2: Strikes out swinging
Top of the 2nd over - 0 runs, 0 hits, 0 errors, 0 left on base; Spokane 0 - Hillsboro 3
BOTTOM OF THE 2ND
Hillsboro Hops batting - Pitching for Spokane Indians : RHP Chris Lewis
Batting: RHB David Grigg 0-0: Ball
1-0: Called Strike
1-1: Ball
2-1: Fly out, F9 (Flyball, 9LM, EV 92.5 MPH)
Batting: RHB Larry Wingo 0-0: Foul Ball, location: 2F
0-1: Ground out 6-3 (Groundball, 6, EV 84.4 MPH)
Batting: RHB Paul Kish 0-0: Foul Ball, location: 25F
0-1: Ball
1-1: Foul Ball, location: 2F
1-2: Reached on error, E6 (Groundball, 6, EV 103.8 MPH)
Batting: LHB Alex Rosales 0-0: Swinging Strike
0-1: Foul Ball, location: 9LMF
0-2: Ball
1-2: Fly out, F5 (Popup, 5SF, EV 68.8 MPH)
Bottom of the 2nd over - 0 runs, 0 hits, 1 error, 1 left on base; Spokane 0 - Hillsboro 3
TOP OF THE 3RD
Spokane Indians batting - Pitching for Hillsboro Hops : RHP Paul Caylor
Batting: RHB Kevin Norvell 0-0: Ground out 6-3 (Groundball, 6, EV 104.4 MPH)
Batting: LHB Justin Howard 0-0: Ball
1-0: SOLO HOME RUN (Flyball, 89XD, EV 104.4 MPH), Distance : 445 ft
Batting: RHB Alex Minero 0-0: Foul Ball, location: 9LMF
0-1: Foul Ball, location: 9LMFF
0-2: Strikes out swinging
Batting: RHB Greg Milne 0-0: Ball
1-0: Foul Ball, location: 25F
1-1: Foul Ball, location: 3F
1-2: Strikes out looking
Top of the 3rd over - 1 run, 1 hit, 0 errors, 0 left on base; Spokane 1 - Hillsboro 3
BOTTOM OF THE 3RD
Hillsboro Hops batting - Pitching for Spokane Indians : RHP Chris Lewis
Batting: LHB Jose Leiva 0-0: Ball
1-0: Foul Ball, location: 3FF
1-1: DOUBLE (Flyball, 8RXD, EV 106.9 MPH)
Batting: RHB Bobby Bye 0-0: Ball
1-0: Called Strike
1-1: Foul Ball, location: 2F
1-2: DOUBLE (Flyball, 8LXD, EV 106.9 MPH)
Jose Leiva scores
Batting: LHB Mike Watson 0-0: Ball
1-0: Called Strike
1-1: Foul Ball, location: 2F
1-2: Ball
2-2: Ground out 4-3 (Groundball, 4M, EV 91.3 MPH)
Batting: RHB Luke Arnold 0-0: DOUBLE (Line Drive, 89D, EV 100.0 MPH)
Bobby Bye scores
Pitching: LHP Luis Salas
Batting: SHB Jeremy Davis 0-0: SINGLE (Groundball, 4, EV 85.6 MPH)
Luke Arnold to third
Batting: RHB David Grigg 0-0: Ball
Wild Pitch!
Luke Arnold scores
Jeremy Davis to second
1-0: Ball
2-0: Ball
3-0: Called Strike
3-1: Foul Ball, location: 2F
3-2: Ground out 6-3 (Groundball, 6, EV 83.1 MPH)
Batting: RHB Larry Wingo 0-0: Ball
1-0: Foul Ball, location: 2F
1-1: Swinging Strike
1-2: Ground out 6-3 (Groundball, 6, EV 89.4 MPH)
Bottom of the 3rd over - 3 runs, 4 hits, 0 errors, 1 left on base; Spokane 1 - Hillsboro 6
TOP OF THE 4TH
Spokane Indians batting - Pitching for Hillsboro Hops : RHP Paul Caylor
Batting: RHB Zyaire Spencer 0-0: Called Strike
0-1: Ground out 5-3 (Groundball, 56S, EV 82.5 MPH)
Batting: LHB Danny Luna 0-0: Called Strike
0-1: Ball
1-1: Ball
2-1: Foul Ball, location: 3F
2-2: Foul Ball, location: 7LMF
2-2: Ground out 4-3 (Groundball, 34, EV 78.1 MPH)
Batting: RHB Pat Hoover 0-0: Ball
1-0: Foul Ball, location: 2F
1-1: Foul Ball, location: 2F
1-2: Strikes out looking
Top of the 4th over - 0 runs, 0 hits, 0 errors, 0 left on base; Spokane 1 - Hillsboro 6
BOTTOM OF THE 4TH
Hillsboro Hops batting - Pitching for Spokane Indians : LHP Luis Salas
Batting: RHB Paul Kish 0-0: Called Strike
0-1: DOUBLE (Line Drive, 89D, EV 106.9 MPH)
Batting: LHB Alex Rosales 0-0: Called Strike
0-1: Called Strike
0-2: Foul Ball, location: 5F
0-2: Foul Ball, location: 5F
0-2: Fly out, F5 (Popup, 6S, EV 80.6 MPH)
Batting: LHB Jose Leiva 0-0: Ball
1-0: DOUBLE (Line Drive, 89D, EV 105.6 MPH)
Paul Kish scores
Batting: RHB Bobby Bye 0-0: Foul Ball, location: 2F
0-1: Swinging Strike
0-2: 2-RUN HOME RUN (Flyball, 8LXD, EV 115.0 MPH), Distance : 473 ft
Pitching: RHP Jose Yescas
Batting: LHB Mike Watson 0-0: Ball
1-0: Swinging Strike
1-1: Fly out, F8 (Flyball, 8LXD, EV 110.0 MPH)
Batting: RHB Luke Arnold 0-0: Ball
1-0: Called Strike
1-1: Called Strike
1-2: Foul Ball, location: 2F
1-2: Strikes out swinging
Bottom of the 4th over - 3 runs, 3 hits, 0 errors, 0 left on base; Spokane 1 - Hillsboro 9
TOP OF THE 5TH
Spokane Indians batting - Pitching for Hillsboro Hops : RHP Paul Caylor
Batting: RHB Manny Valdenegro 0-0: Called Strike
0-1: Ball
1-1: Fly out, F6 (Popup, 4MS, EV 66.3 MPH)
Batting: RHB Seth Rulo 0-0: Swinging Strike
0-1: Ball
1-1: Ball
2-1: Ball
3-1: Base on Balls
Batting: RHB Kevin Norvell 0-0: Called Strike
0-1: 2-RUN HOME RUN (Flyball, 7D, EV 105.6 MPH), Distance : 415 ft
Batting: LHB Justin Howard 0-0: Foul Ball, location: 25FF
0-1: Ball
1-1: Called Strike
1-2: Foul Ball, location: 5FF
1-2: Foul Ball, location: 2F
1-2: Foul Ball, location: 2LF
1-2: Foul Ball, location: 7LDF
1-2: Fly out, F8 (Flyball, 8RXD, EV 105.6 MPH)
Batting: RHB Alex Minero 0-0: Called Strike
0-1: Ball
1-1: Called Strike
1-2: Strikes out swinging
Top of the 5th over - 2 runs, 1 hit, 0 errors, 0 left on base; Spokane 3 - Hillsboro 9
BOTTOM OF THE 5TH
Hillsboro Hops batting - Pitching for Spokane Indians : RHP Jose Yescas
Batting: SHB Jeremy Davis 0-0: Ball
1-0: Called Strike
1-1: Foul Ball, location: 2F
1-2: Ball
2-2: Strikes out swinging
Batting: RHB David Grigg 0-0: Called Strike
0-1: Called Strike
0-2: Ball
1-2: Strikes out swinging
Batting: RHB Larry Wingo 0-0: Called Strike
0-1: Ball
1-1: Ball
2-1: Foul Ball, location: 9LSF
2-2: Ball
3-2: Base on Balls
Batting: RHB Paul Kish 0-0: Called Strike
0-1: Swinging Strike
0-2: Foul Ball, location: 5F
0-2: Strikes out swinging
Bottom of the 5th over - 0 runs, 0 hits, 0 errors, 1 left on base; Spokane 3 - Hillsboro 9
TOP OF THE 6TH
Spokane Indians batting - Pitching for Hillsboro Hops : RHP Paul Caylor
Batting: RHB Greg Milne 0-0: Called Strike
0-1: Called Strike
0-2: Ball
1-2: Foul Ball, location: 25F
1-2: Ball
2-2: Ball
3-2: Strikes out looking
Batting: RHB Zyaire Spencer 0-0: Called Strike
0-1: SINGLE (Groundball, 4MS, EV 69.4 MPH) (infield hit)
Pitching: RHP Jim Kmiecik
Batting: LHB Danny Luna 0-0: Ball
1-0: Foul Ball, location: 3FF
1-1: Foul Ball, location: 2F
1-2: Foul Ball, location: 2F
1-2: Foul Ball, location: 2F
1-2: Ball
2-2: Foul Ball, location: 3F
2-2: Ball
3-2: Base on Balls
Zyaire Spencer to second
Batting: RHB Pat Hoover 0-0: Ball
1-0: Called Strike
1-1: Foul Ball, location: 5F
1-2: Foul Ball, location: 25FF
1-2: Ball
2-2: Foul Ball, location: 23FF
2-2: Foul Ball, location: 5F
2-2: Foul Ball, location: 2F
2-2: Ball
Wild Pitch!
Zyaire Spencer to third
Danny Luna to second
3-2: Fly out, F8 (Flyball, 8LM, EV 88.8 MPH)
Runner from 3rd tags up, SCORES, throw by CF
Danny Luna to third
Batting: RHB Manny Valdenegro 0-0: Called Strike
0-1: Foul Ball, location: 2F
0-2: Ball
1-2: Ball
2-2: Strikes out swinging
Top of the 6th over - 1 run, 1 hit, 0 errors, 1 left on base; Spokane 4 - Hillsboro 9
BOTTOM OF THE 6TH
Hillsboro Hops batting - Pitching for Spokane Indians : RHP Jose Yescas
Batting: LHB Alex Rosales 0-0: Ball
1-0: Ball
2-0: Fly out, F8 (Flyball, 8LM, EV 93.8 MPH)
Batting: LHB Jose Leiva 0-0: Called Strike
0-1: Called Strike
0-2: Foul Ball, location: 7LMF
0-2: Strikes out swinging
Batting: RHB Bobby Bye 0-0: Called Strike
0-1: Foul Ball, location: 9LDF
0-2: Ball
1-2: Ball
2-2: Strikes out looking
Bottom of the 6th over - 0 runs, 0 hits, 0 errors, 0 left on base; Spokane 4 - Hillsboro 9
TOP OF THE 7TH
Spokane Indians batting - Pitching for Hillsboro Hops : RHP Jim Kmiecik
Batting: RHB Seth Rulo 0-0: Ball
1-0: Foul Ball, location: 9LSF
1-1: Foul Ball, location: 3F
1-2: Foul Ball, location: 2F
1-2: Foul Ball, location: 2RF
1-2: Strikes out swinging
Batting: RHB Kevin Norvell 0-0: Foul Ball, location: 7LMF
0-1: Ball
1-1: Called Strike
1-2: Ball
2-2: Strikes out swinging
Batting: LHB Justin Howard 0-0: Ball
1-0: Called Strike
1-1: Ball
2-1: Called Strike
2-2: Ball
3-2: Foul Ball, location: 5DF
3-2: SOLO HOME RUN (Line Drive, 9D, EV 110.6 MPH), Distance : 413 ft
Pinch Hitting: RHB David Victoria 0-0: Ball
1-0: Called Strike
1-1: Ball
2-1: Swinging Strike
2-2: Strikes out swinging
Top of the 7th over - 1 run, 1 hit, 0 errors, 0 left on base; Spokane 5 - Hillsboro 9
BOTTOM OF THE 7TH
Hillsboro Hops batting - Pitching for Spokane Indians : RHP Jose Yescas
Pitching: LHP Roberto Pena
Now in LF: Mike Cooper
Batting: LHB Mike Watson 0-0: Foul Ball, location: 2F
0-1: Ball
1-1: Ball
2-1: Foul Ball, location: 25F
2-2: Fly out, F8 (Flyball, 8RD, EV 77.5 MPH)
Batting: RHB Luke Arnold 0-0: SINGLE (Line Drive, 7S, EV 96.3 MPH)
Batting: SHB Jeremy Davis 0-0: Called Strike
0-1: Foul Ball, location: 2F
0-2: Ball
1-2: Foul Ball, location: 2F
1-2: Strikes out swinging
Batting: RHB David Grigg 0-0: Ball
1-0: Ball
2-0: Foul Ball, location: 2F
2-1: Ball
3-1: Swinging Strike
3-2: Fly out, F9 (Flyball, 9S, EV 83.8 MPH)
Bottom of the 7th over - 0 runs, 1 hit, 0 errors, 1 left on base; Spokane 5 - Hillsboro 9
TOP OF THE 8TH
Spokane Indians batting - Pitching for Hillsboro Hops : RHP Jim Kmiecik
Pitching: RHP Matt Hart
Batting: RHB Greg Milne 0-0: Swinging Strike
0-1: Foul Ball, location: 2F
0-2: Ball
1-2: Strikes out swinging
Batting: RHB Zyaire Spencer 0-0: Called Strike
0-1: Ball
1-1: Ball
2-1: Ball
3-1: Base on Balls
Batting: LHB Danny Luna 0-0: Foul Ball, location: 2F
0-1: Ball
1-1: Called Strike
1-2: Ball
2-2: Ball
3-2: Foul Ball, location: 7LSF
3-2: Base on Balls
Zyaire Spencer to second
Batting: RHB Pat Hoover 0-0: Foul Ball, location: 5FF
0-1: Foul Ball, location: 23FF
0-2: Foul Ball, location: 3FF
0-2: Foul Ball, location: 3F
0-2: Foul Ball, location: 9LDF
0-2: Ball
1-2: Foul Ball, location: 7LMF
1-2: Ball
2-2: Ball
3-2: 3-RUN HOME RUN (Line Drive, 7LD, EV 97.5 MPH), Distance : 374 ft
Pitching: RHP Danny Fugman
Batting: RHB Manny Valdenegro 0-0: Called Strike
0-1: Ball
1-1: Ball
2-1: Foul Ball, location: 2F
2-2: Strikes out swinging
Batting: RHB Seth Rulo 0-0: Foul Ball, location: 2F
0-1: Ball
1-1: Called Strike
1-2: Ball
2-2: Foul Ball, location: 2F
2-2: Strikes out swinging
Top of the 8th over - 3 runs, 1 hit, 0 errors, 0 left on base; Spokane 8 - Hillsboro 9
BOTTOM OF THE 8TH
Hillsboro Hops batting - Pitching for Spokane Indians : LHP Roberto Pena
Pitching: RHP Bryan Tuite
Batting: RHB Larry Wingo 0-0: Ball
1-0: Ball
2-0: Ball
3-0: Base on Balls
Batting: RHB Paul Kish 0-0: Ball
1-0: Ball
2-0: Foul Ball, location: 5FF
2-1: Called Strike
2-2: Foul Ball, location: 2F
2-2: Fly out, F9 (Flyball, 9D, EV 100.0 MPH)
Batting: LHB Alex Rosales 0-0: Ball
1-0: Called Strike
1-1: Ball
2-1: Foul Ball, location: 7LDF
2-2: Ball
3-2: Fly out, F9 (Flyball, 9D, EV 110.0 MPH)
Batting: LHB Jose Leiva 0-0: Ball
1-0: Called Strike
1-1: Ball
2-1: Ball
3-1: Fly out, F6 (Popup, 6, EV 54.4 MPH)
Bottom of the 8th over - 0 runs, 0 hits, 0 errors, 1 left on base; Spokane 8 - Hillsboro 9
TOP OF THE 9TH
Spokane Indians batting - Pitching for Hillsboro Hops : RHP Danny Fugman
Now at 1B: Daniel Evans
Batting: RHB Kevin Norvell 0-0: Ground out 6-3 (Groundball, 56, EV 98.1 MPH)
Batting: LHB Justin Howard 0-0: Ball
1-0: Foul Ball, location: 7LMF
1-1: Foul Ball, location: 7LSF
1-2: Ball
2-2: Ball
3-2: Foul Ball, location: 25F
3-2: Base on Balls
Pinch Hitting: LHB Branden Clark 0-0: Swinging Strike
0-1: Ball
1-1: Ball
2-1: Ball
3-1: Called Strike
3-2: Strikes out swinging
Batting: RHB Greg Milne 0-0: Ball
1-0: Swinging Strike
1-1: Called Strike
1-2: Foul Ball, location: 2F
1-2: Strikes out swinging
Top of the 9th over - 0 runs, 0 hits, 0 errors, 1 left on base; Spokane 8 - Hillsboro 9
Sunday, April 14th , 2024 - OOTP Baseball 24.11 Build 85